 Dungeon Crawl Stone Soup version 0.30-a0-937-ga0a21ad780 (webtiles) character file.

Game seed: 9845934915751112250

111 shadizar the Shooter (level 4, -16/37 HPs)
             Began as a Demigod Hunter on Mar 24, 2023.
             Demolished by a killer bee (22 damage)
             ... on level 4 of the Dungeon.
             The game lasted 00:03:34 (2674 turns).

shadizar the Shooter (Demigod Hunter)               Turns: 2674, Time: 00:03:35

Health: -16/37     AC:  3    Str: 12    XL:     4   Next: 36%
Magic:  6/6        EV:  2    Int: 11    God:
Gold:   149        SH:  0    Dex: 21    Spells: 3/3 levels left

rFire   . . .      SeeInvis .    a - +0 shortbow
rCold   . . .      Faith    .    (shield currently unavailable)
rNeg    . . .      Spirit   .    c - +0 leather armour
rPois   .          Reflect  .    (no helmet)
rElec   .          Rampage  .    (no cloak)
rCorr   .                        (no gloves)
Will    .....                    (no boots)
Stlth   ++                       (no amulet)
HPRegen 0.26/turn                (no ring)
MPRegen 0.10/turn                (no ring)

@: lethally poisoned (-16 -> -24), sleeping
A: high MP 1, forlorn, divine attributes
a: no special abilities


You were on level 4 of the Dungeon.
You visited 1 branch of the dungeon, and saw 4 of its levels.

You collected 149 gold pieces.

Inventory:

Hand Weapons
 a - a +0 shortbow (weapon)
 m - a +0 dagger
Armour
 c - a +0 leather armour (worn)
 g - a +0 leather armour
 l - a +0 chain mail
 s - a +1 buckler of cold resistance
Magical Staves
 t - a staff of death
Scrolls
 b - 2 scrolls of immolation
 d - 2 scrolls of teleportation {unknown}
 h - 2 scrolls of noise {unknown}
 j - 5 scrolls of identify {unknown}
 k - a scroll of fear {unknown}
 n - a scroll of magic mapping {unknown}
 p - a scroll of blinking {unknown}
 q - 3 scrolls of vulnerability {unknown}
Potions
 e - 2 potions of curing {unknown}
 f - a potion of magic {unknown}
 i - 2 potions of attraction {unknown}
 r - a potion of lignification {unknown}


   Skills:
 + Level 2.7 Fighting
 + Level 4.1 Ranged Weapons
 + Level 2.6 Dodging
 + Level 2.2 Stealth


You had 3 spell levels left.
You didn't know any spells.
Your spell library contained the following spells:

 Spells                   Type           Power      Damage    Failure   Level
 Ozocubu's Armour         Ice            0%         N/A       80%         3
 Malign Gateway           Summ/Tloc      0%         N/A       100%        7
 Ozocubu's Refrigeration  Ice            0%         4d7       100%        7
 Summon Horrible Things   Summ           0%         N/A       100%        8


Dungeon Overview and Level Annotations

Branches:
Dungeon (4/15)
 Temple: D:4-7

Shops:
D:2 [


Innate Abilities, Weirdness & Mutations

You have an increased reservoir of magic. (+10% MP)
You shall have no god before yourself.
Your divine heritage dramatically boosts your attributes as you level up.


Message History

Okay, then.
The killer bee attacks as you move away!
The killer bee stings you but does no damage.
You feel sick. The killer bee stings you.
* * * LOW HITPOINT WARNING * * *
There is a stone staircase leading up here.
It was a potion of heal wounds.
You feel much better.
You feel sick. The killer bee stings you! The killer bee stings you.
You shoot an arrow. The arrow misses the killer bee.
You feel sick.
The killer bee stings you but does no damage.
The killer bee stings you!
* * * LOW HITPOINT WARNING * * *
You are lethally poisoned!
The killer bee poisons you! The killer bee closely misses you.
You feel much better.
You feel sick. The killer bee completely misses you. The killer bee stings you.
You shoot an arrow.
The arrow closely misses the killer bee.
You feel very sick. The killer bee closely misses you.
A sleepcap comes into view.
The killer bee closely misses you.
You shoot an arrow. The arrow hits the killer bee.
The killer bee is lightly wounded.
You feel sick. The killer bee stings you. x3
You feel much better.
You feel sick. The killer bee stings you! x2
You are more poisoned.
The killer bee poisons you! The sleepcap releases spores at you.
You shoot an arrow. The arrow hits the killer bee!
The killer bee is heavily wounded.
You feel very sick. The killer bee misses you. The killer bee stings you.
* * * LOW HITPOINT WARNING * * *
The sleepcap releases spores at you.
* * * LOW HITPOINT WARNING * * *
You are engulfed in a cloud of soporific spores!
You fall asleep.
The killer bee stings you!!
Ouch! That really hurt!
You die...

.....#####.....
.............
.........
♣.[..#.#
♣...#.# ♣.....#
♣.....#
♣##.###.###
♣@y........
#f#.###.###
#.#+# #.. #..
.....# #...
..... ....
....# ##### ###
....+ #<#


You could see a sleepcap and a killer bee.

Vanquished Creatures
  A hound (D:4)
  4 adders
  2 dart slugs
  4 endoplasms
  A giant cockroach (D:2)
  3 goblins
  5 hobgoblins
  3 jackals (D:1)
  3 quokkas
  3 ball pythons
  A bat (D:1)
  A frilled lizard (D:2)
  5 kobolds
  A rat (D:1)
37 creatures vanquished.

Vanquished Creatures (others)
  A plant (D:4)
1 creature vanquished.

Grand Total: 38 creatures vanquished

Notes
Turn   | Place    | Note
-------+----------+-------------------------------------------
     0 | D:1      | shadizar the Demigod Hunter began the quest for the Orb.
     0 | D:1      | Reached XP level 1. HP: 17/17 MP: 3/3
   106 | D:1      | Reached skill level 1 in Stealth
   355 | D:1      | Reached XP level 2. HP: 24/24 MP: 4/4
  1113 | D:2      | Reached XP level 3. HP: 20/29 MP: 5/5
  1316 | D:2      | Reached skill level 4 in Ranged Weapons
  1443 | D:2      | Found Qatrioll's Antique Armour Shoppe.
  2414 | D:4      | Reached XP level 4. HP: 30/37 MP: 6/6
  2419 | D:4      | Noticed an orc warrior
  2674 | D:4      | Demolished by a killer bee

Illustrated notes

Levels and vault maps discovered:
D:1:      matt_arrival_spirals, layout_loops_corners,
          dreamdust_princess_corridor
D:2:      layout_basic, serial_shops, shop
D:3:      layout_basic
D:4:      layout_basic, lemuel_doored_altar, serial_forest,
          infiniplex_forest_straight_2, infiniplex_forest_3_way,
          infiniplex_forest_clump_curved, infiniplex_forest_pool,
          infiniplex_forest_lined_2, infiniplex_forest_end_1

Skill      XL: |  1  2  3 |
---------------+----------+-----
Stealth        | 1 2 |  2.2
Fighting       | 2 |  2.7
Dodging        | 2 |  2.6
Ranged Weapons | 4 |  4.1

Action                     |  1- 3 |  4- 6 || total
---------------------------+-------+-------++-------
   Fire: Shortbow          |   111 |    29 ||   140
    Use: Potion            |       |     3 ||     3
 Armour: Leather armour    |    23 |     7 ||    30
  Dodge: Dodged            |    55 |    43 ||    98

Table legend: (Time is in decaauts)
 A = Elapsed time spent in this place.
 B = Non-inter-level travel time spent in this place.
 C = Inter-level travel time spent in this place.
 D = Time resting spent in this place.
 E = Time spent auto-exploring this place.
 F = Levels seen in this place.
 G = Mean time per level.
                   A        B        C        D        E       F      G
               +--------+--------+--------+--------+--------+-----+--------+
         Total |   2722 |   2661 |     61 |      0 |   2175 |   4 |  680.5 |
       Dungeon |   2722 |   2661 |     61 |      0 |   2175 |   4 |  680.5 |
               +--------+--------+--------+--------+--------+-----+--------+

Top non-repeatable levels by time:
     D:1: 924 daAuts
     D:3: 910 daAuts
     D:2: 754 daAuts
     D:4: 133 daAuts
